Description

If done correctly, the build will allow you to overrun your opponent with a large amount of roaches early game.

Build Order

Get SALT Encoding   

  13  0:13  Overlord  
  17  0:51  Hatchery  
  18  1:17  Extractor  
  17  1:18  Spawning Pool  
  18  1:28  Overlord  
  20  2:06  Queen x2  
  31  2:38  Zergling  
  31  2:39  Overlord  
  31  2:42  Queen  
  36  2:55  Lair  
  38  3:11  Evolution Chamber  
  38  3:12  Roach Warren  
  41  3:28  Overlord x2  
  42  3:34  Extractor  
  41  3:37  Zerg Missile Weapons Level 1  
  42  3:46  Overlord  
  42  3:51  Roach  Roaches, Roaches, Roaches
Spawning Tool Build Advisor. Get it on Overwolf

Go to:

Details

  • Created by: Livibee     
  • Published on: Aug 29, 2016
  • Modified on: Aug 29, 2016
  • Patch: Pre-3.8.0
Show
View Real Time Build Order
Export as new Build Order

Comments (2)

On Oct. 5, 2016, 12:10 a.m., Tilko  said:

How many roaches should you make for the attack? Around what time of the game clock should the attack start?

I currently use the 3 Hatch Roach/Ravager/Speedling +1/+1 timing attack; its extremely powerful if you can defend until your army amasses.

On Sept. 8, 2016, 8:10 p.m., asdfasdf  said:

It's quite good again T and P.
But don't do it against zerg its horrible

Create an account to comment!